| TOP OF THE 1ST |
|
Salinas Fire Frogs batting - Pitching for Stockton Mariners : LHP Manuel Pena
|
|
Pitching: LHP Manuel Pena
|
|
|
Batting: SHB Bernardo Howard
|
0-0: Foul Ball, location: 2F 0-1: Foul Ball, location: 2F 0-2: Strikes out looking
|
|
Batting: RHB Bobby Morin
|
0-0: Foul Ball, location: 2F 0-1: Fly out, F6 (Line Drive, 6, EV 65.6 MPH)
|
|
Batting: RHB Kevin Mitchell
|
0-0: Called Strike 0-1: Swinging Strike 0-2: SINGLE (Line Drive, 78S, EV 96.3 MPH)
|
|
Batting: RHB Jason Felice
|
0-0: Called Strike 0-1: Ball 1-1: Swinging Strike 1-2: Strikes out looking
|
| Top of the 1st over - 0 runs, 1 hit, 0 errors, 1 left on base; Salinas 0 - Stockton 0 |
| BOTTOM OF THE 1ST |
|
Stockton Mariners batting - Pitching for Salinas Fire Frogs : RHP Dan del Valle
|
|
Pitching: RHP Dan del Valle
|
|
|
Batting: LHB Ricky Nelson
|
0-0: Ball 1-0: Called Strike 1-1: Ball 2-1: SINGLE (Line Drive, 89M, EV 93.1 MPH)
|
|
Batting: RHB Vinny Jaramillo
|
0-0: Ball 1-0: Fly out, F7 (Flyball, 7LS, EV 95.6 MPH)
|
|
Batting: RHB Mike Reddish
|
0-0: Ball Ricky Nelson is caught stealing 2nd base 2-4 1-0: DOUBLE (Groundball, 5L, EV 100.6 MPH)
|
|
Batting: LHB Duane Evans
|
0-0: Called Strike 0-1: Swinging Strike Passed Ball! Mike Reddish to third 0-2: Foul Ball, location: 2F 0-2: Ball 1-2: Strikes out swinging
|
| Bottom of the 1st over - 0 runs, 2 hits, 0 errors, 1 left on base; Salinas 0 - Stockton 0 |
| TOP OF THE 2ND |
|
Salinas Fire Frogs batting - Pitching for Stockton Mariners : LHP Manuel Pena
|
|
Batting: RHB Frank Castro
|
0-0: Fly out, F8 (Flyball, 8RM, EV 86.3 MPH)
|
|
Batting: RHB Carlos Urias
|
0-0: Called Strike 0-1: SINGLE (Flyball, 56D, EV 83.8 MPH)
|
|
Batting: LHB Charles McGehee
|
0-0: Ball 1-0: Ball 2-0: Called Strike 2-1: Called Strike 2-2: Strikes out swinging
|
|
Batting: RHB Jordan Chavez
|
0-0: Foul Ball, location: 2F 0-1: Called Strike 0-2: Ball 1-2: SINGLE (Line Drive, 9S, EV 106.9 MPH) Carlos Urias to second Runner from 2nd tries for 3rd, SAFE, no throw by RF
|
|
Batting: RHB Bradley DeKraai
|
0-0: Ball 1-0: Foul Ball, location: 2F 1-1: Ball 2-1: Fielders Choice at 2nd, 6-4 (Groundball, 6, EV 87.5 MPH)
|
| Top of the 2nd over - 0 runs, 2 hits, 0 errors, 2 left on base; Salinas 0 - Stockton 0 |
| BOTTOM OF THE 2ND |
|
Stockton Mariners batting - Pitching for Salinas Fire Frogs : RHP Dan del Valle
|
|
Batting: LHB Tony Merulla
|
0-0: Ball 1-0: Called Strike 1-1: Swinging Strike 1-2: Ball 2-2: Fly out, F8 (Line Drive, 8LM, EV 96.9 MPH)
|
|
Batting: LHB James Lockett
|
0-0: Ball 1-0: Ball 2-0: Ball 3-0: Called Strike 3-1: Base on Balls
|
|
Batting: SHB Danny Gans
|
0-0: Ball 1-0: Ball 2-0: Foul Ball, location: 2F 2-1: Swinging Strike 2-2: Ball 3-2: Base on Balls James Lockett to second
|
|
Batting: LHB Colin Sullivan
|
0-0: Ball 1-0: Foul Ball, location: 2F 1-1: Ball 2-1: Ball 3-1: Foul Ball, location: 2F 3-2: Base on Balls James Lockett to third Danny Gans to second
|
|
Batting: RHB Paul Plinski
|
0-0: Ball 1-0: Ball 2-0: Called Strike 2-1: Ball 3-1: Fielders Choice at 2nd, 4-6 (Groundball, 4, EV 88.8 MPH) James Lockett scores Danny Gans to third
|
|
Batting: LHB Ricky Nelson
|
0-0: Ball 1-0: Fielders Choice at 2nd, U4 (Groundball, 4M, EV 79.4 MPH)
|
| Bottom of the 2nd over - 1 run, 0 hits, 0 errors, 2 left on base; Salinas 0 - Stockton 1 |
| TOP OF THE 3RD |
|
Salinas Fire Frogs batting - Pitching for Stockton Mariners : LHP Manuel Pena
|
|
Batting: SHB Bernardo Howard
|
0-0: Swinging Strike 0-1: Ball 1-1: Ball 2-1: Fly out, F7 (Flyball, 7LS, EV 93.8 MPH)
|
|
Batting: RHB Bobby Morin
|
0-0: Swinging Strike 0-1: Called Strike 0-2: Strikes out swinging
|
|
Batting: RHB Kevin Mitchell
|
0-0: DOUBLE (Line Drive, 5D, EV 101.3 MPH)
|
|
Batting: RHB Jason Felice
|
0-0: SINGLE (Groundball, 5D, EV 107.5 MPH) Kevin Mitchell to third Runner from 3rd tries for Home, SAFE, throw by LF to home Jason Felice to second
|
|
Batting: RHB Frank Castro
|
0-0: Ball 1-0: Called Strike 1-1: Foul Ball, location: 2F 1-2: Foul Ball, location: 2F 1-2: Fly out, F7 (Flyball, 78M, EV 90.0 MPH)
|
| Top of the 3rd over - 1 run, 2 hits, 0 errors, 1 left on base; Salinas 1 - Stockton 1 |
| BOTTOM OF THE 3RD |
|
Stockton Mariners batting - Pitching for Salinas Fire Frogs : RHP Dan del Valle
|
|
Batting: RHB Vinny Jaramillo
|
0-0: Ball 1-0: Foul Ball, location: 2F 1-1: Fly out, F7 (Flyball, 7LD, EV 102.5 MPH)
|
|
Batting: RHB Mike Reddish
|
0-0: Ball 1-0: SINGLE (Popup, 6MD, EV 41.9 MPH)
|
|
Batting: LHB Duane Evans
|
0-0: Fly out, F7 (Flyball, 7S, EV 85.0 MPH)
|
|
Batting: LHB Tony Merulla
|
0-0: Ball 1-0: Called Strike 1-1: Fly out, F6 (Flyball, 6D, EV 82.5 MPH)
|
| Bottom of the 3rd over - 0 runs, 1 hit, 0 errors, 1 left on base; Salinas 1 - Stockton 1 |
| TOP OF THE 4TH |
|
Salinas Fire Frogs batting - Pitching for Stockton Mariners : LHP Manuel Pena
|
|
Batting: RHB Carlos Urias
|
0-0: Fly out, F9 (Flyball, 89M, EV 93.8 MPH)
|
|
Batting: LHB Charles McGehee
|
0-0: Ball 1-0: Called Strike 1-1: Swinging Strike 1-2: Strikes out swinging
|
|
Batting: RHB Jordan Chavez
|
0-0: Ball 1-0: Called Strike 1-1: Ball 2-1: Called Strike 2-2: DOUBLE (Flyball, 8LD, EV 94.4 MPH)
|
|
Batting: RHB Bradley DeKraai
|
0-0: Swinging Strike 0-1: Called Strike 0-2: Foul Ball, location: 2F 0-2: Ball 1-2: Strikes out looking
|
| Top of the 4th over - 0 runs, 1 hit, 0 errors, 1 left on base; Salinas 1 - Stockton 1 |
| BOTTOM OF THE 4TH |
|
Stockton Mariners batting - Pitching for Salinas Fire Frogs : RHP Dan del Valle
|
|
Batting: LHB James Lockett
|
0-0: Ground out 4-3 (Groundball, 4, EV 106.9 MPH)
|
|
Batting: SHB Danny Gans
|
0-0: Ball 1-0: Foul Ball, location: 2F 1-1: SOLO HOME RUN (Flyball, 89XD, EV 97.5 MPH), Distance : 437 ft
|
|
Batting: LHB Colin Sullivan
|
0-0: Called Strike 0-1: Swinging Strike 0-2: Ball 1-2: Foul Ball, location: 2F 1-2: DOUBLE (Flyball, 78D, EV 110.6 MPH)
|
|
Batting: RHB Paul Plinski
|
0-0: Foul Ball, location: 2F 0-1: DOUBLE (Line Drive, 7LS, EV 110.0 MPH) Colin Sullivan scores
|
|
Batting: LHB Ricky Nelson
|
0-0: Ball Paul Plinski steals 3rd base 1-0: Called Strike 1-1: Fly out, F7 (Flyball, 7, EV 90.0 MPH) Runner from 3rd tags up, SCORES, throw by LF
|
|
Batting: RHB Vinny Jaramillo
|
0-0: Swinging Strike 0-1: Ball 1-1: Called Strike 1-2: Ball 2-2: Foul Ball, location: 2F 2-2: Strikes out swinging
|
| Bottom of the 4th over - 3 runs, 3 hits, 0 errors, 0 left on base; Salinas 1 - Stockton 4 |
| TOP OF THE 5TH |
|
Salinas Fire Frogs batting - Pitching for Stockton Mariners : LHP Manuel Pena
|
|
Batting: SHB Bernardo Howard
|
0-0: Called Strike 0-1: Called Strike 0-2: Strikes out swinging
|
|
Batting: RHB Bobby Morin
|
0-0: Bunt for hit to 2L - play at first, batter OUT! 2-3
|
|
Batting: RHB Kevin Mitchell
|
0-0: Ball 1-0: Foul Ball, location: 2F 1-1: Fly out, F9 (Line Drive, 9D, EV 101.9 MPH)
|
| Top of the 5th over - 0 runs, 0 hits, 0 errors, 0 left on base; Salinas 1 - Stockton 4 |
| BOTTOM OF THE 5TH |
|
Stockton Mariners batting - Pitching for Salinas Fire Frogs : RHP Dan del Valle
|
|
Batting: RHB Mike Reddish
|
0-0: Ball 1-0: Called Strike 1-1: Ball 2-1: Ball 3-1: Base on Balls
|
|
Batting: LHB Duane Evans
|
0-0: Foul Ball, location: 2F 0-1: Called Strike 0-2: Ball 1-2: SINGLE (Line Drive, 56D, EV 99.4 MPH) Mike Reddish to second
|
|
Batting: LHB Tony Merulla
|
0-0: Called Strike 0-1: Ball 1-1: Ball 2-1: DOUBLE (Line Drive, 9LM, EV 103.8 MPH) Mike Reddish scores Duane Evans to third Runner from 3rd tries for Home, SAFE, throw by RF to home
|
|
Pitching: RHP Francis Reilly
|
|
|
Batting: LHB James Lockett
|
0-0: Called Strike 0-1: Ball 1-1: Fly out, F8 (Flyball, 8LD, EV 98.1 MPH)
|
|
Batting: SHB Danny Gans
|
0-0: Foul Ball, location: 2F 0-1: Ball 1-1: Reached on error, E5 (Groundball, 56, EV 98.1 MPH) Tony Merulla to third
|
|
Batting: LHB Colin Sullivan
|
0-0: Called Strike 0-1: Foul Ball, location: 2F 0-2: Ball 1-2: Strikes out looking
|
|
Batting: RHB Paul Plinski
|
0-0: Called Strike 0-1: Fielders Choice at 2nd, 5-4 (Groundball, 5, EV 105.0 MPH)
|
| Bottom of the 5th over - 2 runs, 2 hits, 1 error, 2 left on base; Salinas 1 - Stockton 6 |
| TOP OF THE 6TH |
|
Salinas Fire Frogs batting - Pitching for Stockton Mariners : LHP Manuel Pena
|
|
Batting: RHB Jason Felice
|
0-0: SINGLE (Line Drive, 8RS, EV 95.0 MPH)
|
|
Batting: RHB Frank Castro
|
0-0: Ball Jason Felice steals 2nd base (no throw) 1-0: Ball 2-0: Called Strike 2-1: Fly out, F9 (Flyball, 9LM, EV 78.8 MPH)
|
|
Batting: RHB Carlos Urias
|
0-0: Ball Jason Felice steals 3rd base 1-0: Called Strike 1-1: Ball 2-1: Swinging Strike 2-2: Foul Ball, location: 2F 2-2: Ball 3-2: Fly out, F8 (Flyball, 8RXD, EV 101.9 MPH) Runner from 3rd tags up, SCORES, no throw by CF
|
|
Batting: LHB Charles McGehee
|
0-0: Called Strike 0-1: Ball 1-1: Ball 2-1: Ball 3-1: Ground out 4-3 (Groundball, 4, EV 99.4 MPH)
|
| Top of the 6th over - 1 run, 1 hit, 0 errors, 0 left on base; Salinas 2 - Stockton 6 |
| BOTTOM OF THE 6TH |
|
Stockton Mariners batting - Pitching for Salinas Fire Frogs : RHP Francis Reilly
|
|
Batting: LHB Ricky Nelson
|
0-0: Ball 1-0: Fly out, F9 (Flyball, 9D, EV 87.5 MPH)
|
|
Batting: RHB Vinny Jaramillo
|
0-0: Ball 1-0: Ball 2-0: Ball 3-0: Base on Balls
|
|
Batting: RHB Mike Reddish
|
0-0: Swinging Strike 0-1: Fly out, F3 (Popup, 3, EV 68.1 MPH)
|
|
Batting: LHB Duane Evans
|
0-0: Fielders Choice at 2nd, 5-4 (Groundball, 56, EV 107.5 MPH)
|
| Bottom of the 6th over - 0 runs, 0 hits, 0 errors, 1 left on base; Salinas 2 - Stockton 6 |
| TOP OF THE 7TH |
|
Salinas Fire Frogs batting - Pitching for Stockton Mariners : LHP Manuel Pena
|
|
Batting: RHB Jordan Chavez
|
0-0: Foul Ball, location: 2F 0-1: Ball 1-1: Ground out 4-3 (Groundball, 4, EV 106.9 MPH)
|
|
Batting: RHB Bradley DeKraai
|
0-0: Foul Ball, location: 2F 0-1: Foul Ball, location: 2F 0-2: Foul Ball, location: 2F 0-2: Strikes out looking
|
|
Batting: SHB Bernardo Howard
|
0-0: Swinging Strike 0-1: Foul Ball, location: 2F 0-2: Strikes out swinging
|
| Top of the 7th over - 0 runs, 0 hits, 0 errors, 0 left on base; Salinas 2 - Stockton 6 |
| BOTTOM OF THE 7TH |
|
Stockton Mariners batting - Pitching for Salinas Fire Frogs : RHP Francis Reilly
|
|
Batting: LHB Tony Merulla
|
0-0: Ball 1-0: Ball 2-0: Called Strike 2-1: Fly out, F9 (Flyball, 9S, EV 86.9 MPH)
|
|
Batting: LHB James Lockett
|
0-0: Ball 1-0: Ball 2-0: Called Strike 2-1: Swinging Strike 2-2: Foul Ball, location: 2F 2-2: Ball 3-2: Foul Ball, location: 2F 3-2: Fly out, F8 (Flyball, 8LD, EV 97.5 MPH)
|
|
Batting: SHB Danny Gans
|
0-0: Ground out 5-3 (Groundball, 56, EV 99.4 MPH)
|
| Bottom of the 7th over - 0 runs, 0 hits, 0 errors, 0 left on base; Salinas 2 - Stockton 6 |
| TOP OF THE 8TH |
|
Salinas Fire Frogs batting - Pitching for Stockton Mariners : LHP Manuel Pena
|
|
Batting: RHB Bobby Morin
|
0-0: Called Strike 0-1: Ball 1-1: DOUBLE (Line Drive, 9LM, EV 103.1 MPH)
|
|
Batting: RHB Kevin Mitchell
|
0-0: Called Strike 0-1: Swinging Strike 0-2: Ball 1-2: Strikes out swinging
|
|
Batting: RHB Jason Felice
|
0-0: Ball 1-0: Foul Ball, location: 2F 1-1: Called Strike 1-2: Ground out 5-3 (Groundball, 56D, EV 81.3 MPH)
|
|
Batting: RHB Frank Castro
|
0-0: Called Strike 0-1: Foul Ball, location: 2F 0-2: Ball 1-2: Foul Ball, location: 2F 1-2: Foul Ball, location: 2F 1-2: Fly out, F7 (Flyball, 78D, EV 98.8 MPH)
|
| Top of the 8th over - 0 runs, 1 hit, 0 errors, 1 left on base; Salinas 2 - Stockton 6 |
| BOTTOM OF THE 8TH |
|
Stockton Mariners batting - Pitching for Salinas Fire Frogs : RHP Francis Reilly
|
|
Batting: LHB Colin Sullivan
|
0-0: Called Strike 0-1: Foul Ball, location: 2F 0-2: Strikes out swinging
|
|
Batting: RHB Paul Plinski
|
0-0: Ball 1-0: Ball 2-0: Foul Ball, location: 2F 2-1: Ball 3-1: Foul Ball, location: 2F 3-2: Foul Ball, location: 2F 3-2: SINGLE (Line Drive, 78S, EV 90.6 MPH)
|
|
Batting: LHB Ricky Nelson
|
0-0: Called Strike 0-1: SINGLE (Line Drive, 6D, EV 100.6 MPH) Paul Plinski to second
|
|
Pitching: RHP Thomas Schneider
|
|
|
Batting: RHB Vinny Jaramillo
|
0-0: Ball 1-0: Swinging Strike 1-1: Called Strike 1-2: Ball 2-2: Ball 3-2: Base on Balls Paul Plinski to third Ricky Nelson to second
|
|
Batting: RHB Mike Reddish
|
0-0: Called Strike 0-1: Ball 1-1: Ball 2-1: Ball 3-1: Grounds into double play, 6-4-3 (Groundball, 6, EV 83.1 MPH)
|
| Bottom of the 8th over - 0 runs, 2 hits, 0 errors, 2 left on base; Salinas 2 - Stockton 6 |
| TOP OF THE 9TH |
|
Salinas Fire Frogs batting - Pitching for Stockton Mariners : LHP Manuel Pena
|
|
Batting: RHB Carlos Urias
|
0-0: Called Strike 0-1: Ball 1-1: SINGLE (Line Drive, 9S, EV 111.9 MPH)
|
|
Batting: LHB Charles McGehee
|
0-0: Fly out, F4 (Line Drive, 4, EV 65.6 MPH)
|
|
Batting: RHB Jordan Chavez
|
0-0: Ball 1-0: Grounds into double play, 6-4-3 (Groundball, 6, EV 86.9 MPH)
|
| Top of the 9th over - 0 runs, 1 hit, 0 errors, 0 left on base; Salinas 2 - Stockton 6 |
|